Match 38910189
Unlisted

Match 38910189
End
Panzergrenadier Squad
Selects Italian Infantry
Panzergrenadier Squad
250 Light Carrier
Construct Light Support Kompanie
Panzergrenadier Squad
Fire Support Elements
Selects Guastatori Squad
Guastatori Squad
2.5-tonne Medical Truck
Pak 38 Mechanized Group
Construct Panzerarmee Kommand
Selects Defensive Operations
2.5-tonne Medical Truck
Panzer III L Medium Tank
Panzer III L Medium Tank
Panzer III L Medium Tank
Panzer III L Medium Tank
Guastatori Squad
Mirland
ALEXyCia
ROGHT44
BIOHAZARD
Sauzer88
Adam Kadmon
0
0

Comments sign in to comment!

No comments posted yet!